 Dungeon Crawl Stone Soup version 0.29.1-15-g9cfb28693d (webtiles) character file.

Game seed: 15859269119464504466

378 venomsnake the Covered (level 6, 0/56 HPs)
             Began as a Minotaur Fighter on Mar 25, 2023.
             Was an Initiate of Kikubaaqudgha.
             Slain by Sigmund
             ... wielding a +0 scythe
              (2 damage)
             ... on level 5 of the Dungeon.
             The game lasted 00:08:08 (3831 turns).

venomsnake the Covered (Minotaur Fighter)           Turns: 3831, Time: 00:08:08

Health: 0/56       AC:  9    Str: 22    XL:     6   Next: 45%
Magic:  5/5        EV:  9    Int:  5    God:    Kikubaaqudgha [......]
Gold:   242        SH:  5    Dex: 10    Spells: 5/5 levels left

rFire   . . .      SeeInvis .   a - +0 war axe
rCold   . . .      Faith    .   c - +0 buckler
rNeg    . . .      Spirit   .   b - +0 scale mail
rPois   .          Reflect  .   (helmet restricted)
rElec   .          Harm     .   (no cloak)
rCorr   .          Rampage  .   q - +0 pair of gloves
Will    .....                   o - +0 pair of boots
Stlth   ..........              (no amulet)
HPRegen 0.18/turn               (no ring)
MPRegen 0.09/turn               (no ring)

@: no status effects
A: horns 2, retaliatory headbutt
a: Renounce Religion


You were on level 5 of the Dungeon.
You worshipped Kikubaaqudgha.
Kikubaaqudgha was noncommittal.
You visited 1 branch of the dungeon, and saw 5 of its levels.

You collected 242 gold pieces.

Inventory:

Hand Weapons
 a - a +0 war axe (weapon)
Missiles
 g - 6 poisoned darts (quivered)
 p - 23 stones
Armour
 b - a +0 scale mail (worn)
 c - a +0 buckler (worn)
 o - a +0 pair of boots (worn)
 q - a +0 pair of gloves (worn)
Wands
 t - a wand of polymorph (5)
Scrolls
 f - a scroll of blinking {unknown}
 i - a scroll of noise {unknown}
 l - a scroll of silence {unknown}
 n - a scroll of torment {unknown}
 r - a scroll of poison {unknown}
 s - 2 scrolls of enchant weapon {unknown}
 u - 2 scrolls of identify {unknown}
 w - a scroll of brand weapon {unknown}
Potions
 d - 3 potions of might
 e - 11 potions of curing {unknown}
 h - a potion of berserk rage {unknown}
 j - 3 potions of degeneration {unknown}
 k - 2 potions of brilliance {unknown}
 m - a potion of mutation {unknown}
 v - a potion of haste {unknown}


   Skills:
 + Level 5.3 Fighting
 + Level 4.6 Axes
 + Level 5.4 Armour
 + Level 5.4 Shields


You had 5 spell levels left.
You didn't know any spells.
Your spell library contained the following spells:

 Spells                   Type           Power      Damage    Failure   Level
 Slow                     Hex            0%         N/A       86%         1
 Confusing Touch          Hex            0%         N/A       99%         3
 Vampiric Draining        Necr           0%         2d6       99%         3


Dungeon Overview and Level Annotations

Branches:
Dungeon (5/15)
 Temple: D:4-7

Altars:
Kikubaaqudgha
Okawaru
Yredelemnul

Annotations:
D:4 3 runed translucent doors, growler's ghost, amateur MfTm
D:5 Sigmund


Innate Abilities, Weirdness & Mutations

You have a pair of horns on your head.
You reflexively headbutt those who attack you in melee.


Message History

Key pressed, stopping explore.
Key pressed, stopping explore.
Key pressed, stopping explore.
w - a scroll labelled TOEWAL MATTYR Key pressed, stopping explore.
Found a stone staircase leading down.
Sigmund the Dreaded comes into view.
He is wielding a +0 scythe.
Sigmund shouts!
You see here 9 gold pieces.
An ogre comes into view. It is wielding a +0 giant club.
The ogre shouts!
Sigmund casts a spell.
Sigmund flickers and vanishes!
Deactivating autopickup; reactivate with Ctrl-A.
You are confused.
A magic dart appears from out of thin air!
The magic dart hits you!
You feel less confused.
A puff of flame appears from out of thin air!
The puff of flame hits you.
The ogre hits you with a +0 giant club!!
You slash the ogre!
The ogre is heavily wounded.
You hit the ogre. You headbutt the ogre!
The ogre is almost dead.
The ogre hits you with a +0 giant club!
* * * LOW HITPOINT WARNING * * *
You slash the ogre!
You kill the ogre!
Kikubaaqudgha accepts your kill. Something hits you.
* * * LOW HITPOINT WARNING * * *
Something hits you.
* * * LOW HITPOINT WARNING * * *
You miss something. Something hits you.
* * * LOW HITPOINT WARNING * * *
You closely miss something. Your headbutt misses something. You miss something.
Something hits you.
You die...
Kikubaaqudgha rasps: "You have failed me!
Welcome... death!"

##...<.. ... ##....... .
##...... #..##...#....
..##...#... # #......?..###
#.......##. #.#
#..>.../...##..#..##..#.
...#..............###....##
...............# ###......
#......)...# #......#. ..
#$...{@...#####.....###
....##.................## .
(.......................# .
.....###................#...
..## #......................
##...................#.
#........#...##.....##
#......#..########....#
......###.## .....


There were no monsters in sight!

Vanquished Creatures
  An ogre (D:5)
  A howler monkey (D:5)
  3 orc priests
  Ijyb (D:4)
  An orc wizard (D:2)
  A scorpion zombie (D:4)
  3 adders (D:3)
  A white imp (D:5)
  An adder zombie (D:4)
  A worm (D:5)
  7 orcs
  5 ball pythons
  2 endoplasms
  A giant cockroach (D:3)
  6 goblins
  5 hobgoblins
  2 quokkas
  3 bats
  A frilled lizard (D:2)
  7 kobolds
  3 rats
56 creatures vanquished.

Notes
Turn   | Place    | Note
-------+----------+-------------------------------------------
     0 | D:1      | venomsnake the Minotaur Fighter began the quest for the
                  | Orb.
     0 | D:1      | Reached XP level 1. HP: 19/19 MP: 0/0
   434 | D:1      | Reached XP level 2. HP: 27/27 MP: 1/1
   821 | D:2      | Reached XP level 3. HP: 13/33 MP: 2/2
   823 | D:2      | Reached XP level 4. HP: 7/40 MP: 3/3
  2237 | D:3      | Reached XP level 5. HP: 46/47 MP: 4/4
  2394 | D:3      | Found an ancient bone altar of Kikubaaqudgha.
  2513 | D:3      | Became a worshipper of Kikubaaqudgha
  2524 | D:3      | Found an iron altar of Okawaru.
  2863 | D:3      | Found a faded altar of an unknown god.
  3074 | D:4      | Noticed Ijyb
  3077 | D:4      | Killed Ijyb
  3092 | D:4      | Reached skill level 5 in Armour
  3092 | D:4      | Reached skill level 5 in Shields
  3428 | D:4      | Found a runed translucent gate.
  3428 | D:4      | Found a runed translucent gate.
  3428 | D:4      | Found a runed translucent gate.
  3428 | D:4      | Noticed growler's ghost (amateur MfTm)
  3430 | D:4      | Found a basalt altar of Yredelemnul.
  3442 | D:4      | Reached skill level 5 in Fighting
  3711 | D:5      | Entered Level 5 of the Dungeon
  3757 | D:5      | Reached XP level 6. HP: 56/56 MP: 5/5
  3815 | D:5      | Noticed Sigmund
  3829 | D:5      | HP: 2/56 [something (5)]
  3831 | D:5      | Slain by Sigmund

Illustrated notes

Levels and vault maps discovered:
D:1:      lightli_arrival_windingriver, layout_basic
D:2:      cheibrodos_pilgrimage, layout_basic, reono_crystal_passage,
          serial_bayou_pond_a
D:3:      layout_loops_ring, mainiacjoe_overflow_swirl,
          shapermc_ecumenical_altar_venn, hangedman_glass_teeth
D:4:      layout_cave_pools, nicolae_yredelemnul_ghost_church, uniq_ijyb
D:5:      cheibrodos_barr_body, layout_cave_pools, uniq_sigmund

Skill      XL: |  1  2  3  4  5 |
---------------+----------------+-----
Fighting       | 4 5 |  5.3
Axes           | 3 4 |  4.6
Armour         | 4 5 |  5.4
Shields        | 4 5 |  5.4

Action                   |  1- 3 |  4- 6 || total
-------------------------+-------+-------++-------
Melee: War axe           |    37 |    86 ||   123
       Headbutt          |     6 |    17 ||    23
Armor: Scale mail        |    19 |    44 ||    63
Dodge: Dodged            |    21 |    25 ||    46
Block: Buckler           |    10 |    16 ||    26
